 Dungeon Crawl Stone Soup version 0.30-a0-385-gfebfb9b408 (webtiles) character file.

Game seed: 13598539953650954579

24542 LnG the Unseen (level 13, 0/72 HPs)
             Began as a Kobold Summoner on Dec 2, 2022.
             Was an Elder of Dithmenos.
             Killed from afar by a manticore (19 damage)
             ... with a volley of spikes
             ... on level 13 of the Dungeon.
             The game lasted 00:41:40 (14137 turns).

LnG the Unseen (Kobold Summoner)                   Turns: 14137, Time: 00:41:40

Health: 0/72       AC:  6    Str:  7    XL:     13   Next: 43%
Magic:  18/25      EV: 21    Int: 25    God:    Dithmenos [****..]
Gold:   807        SH:  0    Dex: 15    Spells: 15/28 levels left

rFire   . . .      SeeInvis +    l - +11 dagger of Nemelex Xobeh's Anger {freeze, Will- Int+5 SInv Stlth+}
rCold   + . .      Faith    .    (no shield)
rNeg    + . .      Spirit   .    W - +1 robe {rC+}
rPois   .          Reflect  .    r - +0 helmet
rElec   .          Harm     .    (no cloak)
rCorr   .          Rampage  .    P - +0 pair of gloves
Will    .....                    o - +0 pair of boots Stlth ****++++++
                                 (no amulet)
HPRegen 0.32/turn                c - ring of positive energy
MPRegen 0.19/turn                p - ring of willpower

@: spiked, wreathed by umbra
A: small, no large weapons, nightstalker 3
a: Renounce Religion, Shadow Step


You were on level 13 of the Dungeon.
You worshipped Dithmenos.
Dithmenos was greatly pleased with you.
You visited 2 branches of the dungeon, and saw 14 of its levels.
You also visited: Ossuary.

You collected 807 gold pieces.

Inventory:

Hand Weapons
 f - a +1 dagger of venom
 l - the +11 dagger of Nemelex Xobeh's Anger (weapon) {freeze, Will- Int+5 SInv Stlth+}
   (You found it on level 2 of the Dungeon)

   It freezes those it strikes, dealing additional cold damage.
   It can also slow down cold-blooded creatures.
   Int:       It affects your intelligence (+5).
   SInv:      It lets you see invisible.
   Will:      It decreases your willpower.
   Stlth:     It makes you more stealthy.
Missiles
 d - 3 throwing nets
Armour
 a - a +0 robe
 o - a +0 pair of boots (worn)
 r - a +0 helmet (worn)
 P - a +0 pair of gloves (worn)
 W - a +1 robe of cold resistance (worn)
Jewellery
 c - a ring of positive energy (left hand)
 p - a ring of willpower (right hand)
 t - a +6 ring of strength
 w - a ring of fire
 I - a ring of resist corrosion
 S - a ring of flight
 V - a ring of ice
Wands
 L - a wand of flame (21)
 O - a wand of iceblast (10)
 Q - a wand of paralysis (7)
 R - a wand of mindburst (5)
Scrolls
 e - 4 scrolls of immolation
 i - 3 scrolls of enchant armour
 n - a scroll of fear
 s - a scroll of magic mapping
 x - a scroll of brand weapon
 y - 5 scrolls of teleportation
 B - 3 scrolls of enchant weapon
 C - a scroll of acquirement {unknown}
 D - 2 scrolls of vulnerability {unknown}
 F - 2 scrolls of torment {unknown}
 H - 3 scrolls of noise {unknown}
 J - a scroll of amnesia
 N - a scroll of silence {unknown}
 T - a scroll of poison {unknown}
 U - a scroll of fog {unknown}
Potions
 b - a potion of magic
 g - a potion of ambrosia {unknown}
 h - 4 potions of brilliance
 j - 3 potions of attraction
 k - 5 potions of curing
 m - 2 potions of degeneration
 q - 5 potions of might {unknown}
 u - 4 potions of lignification {unknown}
 v - a potion of flight {unknown}
 z - 2 potions of invisibility {unknown}
 A - a potion of resistance {unknown}
 E - a potion of cancellation {unknown}
 G - a potion of berserk rage {unknown}
 M - a potion of mutation {unknown}
Miscellaneous
 K - a piece from Xom's chessboard (15/15)


   Skills:
 + Level 4.8 Fighting
 + Level 8.1 Short Blades
 * Level 11.4 Dodging
 * Level 20.1 Stealth
 + Level 8.2 Spellcasting
 + Level 0.6 Hexes
 + Level 8.2 Summonings
 + Level 2.6 Air Magic


You had 15 spell levels left.
You knew the following spells:

 Your Spells              Type           Power      Damage    Failure   Level
a - Summon Small Mammal   Summ           100%       N/A       1%          1
b - Call Imp              Summ           50%        N/A       1%          2
c - Call Canine Familiar  Summ           50%        N/A       1%          3
d - Summon Guardian Gole  Hex/Summ       32%        N/A       3%          3
e - Summon Lightning Spi  Summ/Air       37%        N/A       6%          4

Your spell library contained the following spells:

 Spells                   Type           Power      Damage    Failure   Level
 Apportation              Tloc           20%        N/A       6%          1
 Necrotise                Necr           40%        1d6       6%          1
 Animate Armour           Summ/Erth      60%        N/A       11%         4
 Ozocubu's Armour         Ice            10%        N/A       19%         3
 Animate Dead             Necr           10%        N/A       52%         4
 Blade Hands              Tmut           5%         N/A       86%         5
 Iron Shot                Conj/Erth      5%         9d2       100%        6
 Haunt                    Necr/Summ      15%        N/A       100%        7
 Ozocubu's Refrigeration  Ice            5%         4d8       100%        7
 Infestation              Necr           5%         N/A       100%        8


Dungeon Overview and Level Annotations

Branches:
Dungeon (13/15)            Temple (1/1) D:6            Lair (0/5) D:10
Ossuary (visited)
    Orc: D:9-12      Vaults: D:13-14

Altars:
Cheibriados
Dithmenos
Elyvilon
Fedhas
Gozag
Hepliaklqana
Kikubaaqudgha
Makhleb
Nemelex Xobeh
Okawaru
Qazlal
Ru
Sif Muna
Wu Jian
Xom
Yredelemnul
Zin
The Shining One

Shops:
D:11 [

Annotations:
D:6 2 runed translucent doors


Innate Abilities, Weirdness & Mutations

You are small and have problems with some larger weapons.
You are completely attuned to the shadows.


Message History

A manticore comes into view.
The manticore completely misses you. The manticore closely misses you.
The manticore claws you!
You puncture the manticore! You freeze the manticore.
The manticore is moderately wounded.
The manticore barely misses you. The manticore closely misses you.
The manticore misses you.
You hit the manticore but do no damage.
The manticore is moderately wounded.
The manticore closely misses you. The manticore completely misses you.
The manticore claws you but does no damage.
You closely miss the manticore.
The manticore is moderately wounded.
You hit the manticore but do no damage.
The manticore is moderately wounded.
The manticore bites you. The manticore misses you.
The manticore completely misses you.
You hit the manticore but do no damage.
The manticore is moderately wounded.
You hit the manticore but do no damage.
The manticore is moderately wounded.
The manticore bites you!! The manticore claws you!
The manticore closely misses you.
Casting: Call Canine Familiar (safe; 1% risk of failure)
Confirm with . or Enter, or press ? or * to list all spells.
The manticore completely misses you. The manticore claws you!
* * * LOW HITPOINT WARNING * * *
The manticore barely misses you.
Your wolf barely misses the manticore.
The manticore barely misses your wolf. The manticore misses your wolf.
The manticore claws your wolf!
Casting: Call Canine Familiar (safe; 1% risk of failure)
Confirm with . or Enter, or press ? or * to list all spells.
An electric hum fills the air.
Your wolf bites the manticore!
The manticore bites your wolf!
Your wolf dies!
Your wolf's corpse disappears in a puff of smoke!
The manticore flicks its tail.
The volley of spikes hits you!!
The barbed spikes become lodged in your body.
You die...

.#.....##...##.. #. ...<.[.##..##
## #.#......#....#.
..............#....#...........#.
........ ........#.......#....##
.... ........#.............. ..
........#..............
.......8........)....##
........#............#o
...H§.@............./#.
..........###........#.
........... #........#.
...#....... #. ..###..... ##


You could see a manticore (ally target) and a friendly lightning spire
(summoned).

Vanquished Creatures
  Gastronok (D:11)
  Fannar (D:11)
  An ogre mage (D:8)
  A boulder beetle (D:13)
  A centaur warrior (D:13)
  3 two-headed ogres
  A skeletal warrior (D:13)
  A deep elf pyromancer (D:8)
  An ugly thing (D:12)
  4 centaur skeletons (D:13)
  A kobold demonologist (D:10)
  2 unseen horrors
  A komodo dragon (D:13)
  A tengu conjurer (D:13)
  2 trolls
  9 slime creatures
  15 yaks
  2 vampires
  2 shadows
  5 wraiths
  Eustachio (D:4)
  2 wyverns
  A vampire mosquito (D:8)
  6 steam dragons
  An acid dragon (D:10)
  A water moccasin (D:8)
  3 wargs (D:10)
  A nameless horror (D:6)
  7 orc warriors
  A black bear (D:5)
  An ice beast (D:5)
  A sky beast (D:7)
  7 centaurs
  An ogre (D:5)
  2 phantoms
  An elf zombie (D:4)
  8 kobold brigands
  8 bullfrogs
  3 necrophages
  2 water moccasin zombies (Ossuary)
  A gnoll sergeant (D:6)
  4 wights
  A vampire bat (D:5)
  3 howler monkeys
  A gnoll bouda (D:8)
  2 hounds (D:7)
  5 orc priests
  A human zombie (D:4)
  A human skeleton (D:4)
  A scorpion zombie (D:4)
  5 orc wizards
  An iguana (D:5)
  2 mummies (Ossuary)
  9 adders
  4 gnolls (D:6)
  2 shadow imps
  A white imp (D:7)
  7 adder zombies
  2 worms
  2 dart slugs (D:2)
  3 fire bats (D:5)
  19 orcs
  2 spectral bats (D:5)
  3 ball pythons
  3 bat skeletons (D:5)
  A bat zombie (D:5)
  6 endoplasms
  A giant cockroach (D:2)
  4 goblins
  3 hobgoblins
  5 jackals
  2 quokkas
  12 bats
  A bat simulacrum (D:5)
  2 frilled lizards
  3 gnoll zombies (Ossuary)
  6 hobgoblin zombies (Ossuary)
  15 kobolds
  7 kobold zombies (Ossuary)
  6 orc zombies
  3 rats
275 creatures vanquished.

Vanquished Creatures (collateral kills)
  Josephine (D:11)
  2 two-headed ogres
  Nergalle (D:11)
  A nameless horror (D:8)
  A slime creature (D:10)
  A hornet (D:11)
  An orc warrior (D:9)
  An ogre (D:6)
  A necrophage (D:4)
  A wight (D:5)
  A jelly (D:8)
  An orc priest (D:10)
  2 orc wizards
  A hound zombie (D:4)
  A white imp (D:8)
  An adder zombie (Ossuary)
  2 worms (D:2)
  7 orcs
  A ball python (D:4)
  A giant cockroach (D:2)
  A hobgoblin (D:4)
  A frilled lizard (D:2)
  6 kobolds
  A kobold zombie (Ossuary)
  A bush (D:4)
39 creatures vanquished.

Vanquished Creatures (others)
  4 yaks (D:8)
  11 plants (D:4)
15 creatures vanquished.

Grand Total: 329 creatures vanquished

Notes
Turn   | Place    | Note
-------+----------+-------------------------------------------
     0 | D:1      | LnG the Kobold Summoner began the quest for the Orb.
     0 | D:1      | Reached XP level 1. HP: 10/10 MP: 3/3
   110 | D:1      | Reached XP level 2. HP: 10/15 MP: 5/5
   111 | D:1      | Reached skill level 3 in Stealth
   457 | D:1      | Reached XP level 3. HP: 19/19 MP: 6/6
   607 | D:1      | Learned a level 2 spell: Call Imp
   611 | D:1      | Learned a level 3 spell: Call Canine Familiar
   661 | D:2      | Identified the +11 dagger of Nemelex Xobeh's Anger {freeze,
                  | Will- Int+5 SInv Stlth+}
   672 | D:2      | Found a snail-covered altar of Cheibriados.
  1129 | D:2      | Reached skill level 4 in Stealth
  1140 | D:2      | Reached skill level 1 in Short Blades
  1140 | D:2      | Reached XP level 4. HP: 24/24 MP: 5/7
  1930 | D:3      | Found an ancient bone altar of Kikubaaqudgha.
  2288 | D:4      | Noticed Eustachio
  2304 | D:4      | Killed Eustachio
  2305 | D:4      | Reached skill level 6 in Stealth
  2305 | D:4      | Reached XP level 5. HP: 19/28 MP: 5/9
  2305 | D:4      | Reached XP level 6. HP: 22/32 MP: 5/10
  2430 | D:4      | Reached skill level 7 in Stealth
  2444 | D:4      | Found a sand-covered staircase.
  2449 | Ossuary  | Entered an ossuary
  2515 | Ossuary  | Learned a level 3 spell: Summon Guardian Golem
  2533 | Ossuary  | Reached XP level 7. HP: 28/37 MP: 7/11
  2674 | D:4      | Reached skill level 1 in Fighting
  2674 | D:4      | Reached skill level 8 in Stealth
  3223 | D:4      | Found a blossoming altar of Fedhas.
  3290 | D:4      | Reached XP level 8. HP: 28/43 MP: 9/12
  3305 | D:4      | Reached skill level 9 in Stealth
  3450 | D:5      | Entered Level 5 of the Dungeon
  3511 | D:5      | Reached skill level 5 in Dodging
  3511 | D:5      | Reached skill level 5 in Summonings
  3516 | D:5      | Learned a level 4 spell: Summon Lightning Spire
  3615 | D:5      | Reached skill level 10 in Stealth
  4064 | D:5      | Reached XP level 9. HP: 48/48 MP: 14/14
  4597 | D:5      | Reached skill level 11 in Stealth
  4920 | D:6      | Noticed a nameless horror
  4924 | D:6      | Reached skill level 5 in Short Blades
  4933 | D:6      | Killed a nameless horror
  5594 | D:6      | Found a large runed translucent door.
  5594 | D:6      | Found a large runed translucent door.
  5680 | D:6      | Found an ornate altar of the Wu Jian Council.
  5797 | D:6      | Identified the +1 robe of the Untouchables {+Blink Str-5
                  | Dex+2}
  5897 | D:6      | Found a staircase to the Ecumenical Temple.
  5903 | Temple   | Entered the Ecumenical Temple
  6007 | Temple   | Became a worshipper of Dithmenos the Shadowed
  6834 | D:7      | Reached skill level 12 in Stealth
  7196 | D:8      | Noticed a nameless horror
  7219 | D:8      | Reached XP level 10. HP: 42/54 MP: 1/16
  7346 | D:8      | Killed a nameless horror
  7529 | D:8      | Reached skill level 13 in Stealth
  7549 | D:8      | Reached * piety under Dithmenos
  7550 | D:8      | Reached skill level 5 in Spellcasting
  7805 | D:8      | Noticed an ogre mage
  7876 | D:8      | Reached skill level 14 in Stealth
  7907 | D:8      | Noticed a deep elf pyromancer
  7908 | D:8      | Killed a deep elf pyromancer
  7927 | D:8      | Killed an ogre mage
  7928 | D:8      | Reached XP level 11. HP: 42/60 MP: 13/20
  8019 | D:8      | Noticed a two-headed ogre
  8228 | D:8      | Reached ** piety under Dithmenos
  8857 | D:8      | Killed a two-headed ogre
  8858 | D:8      | Reached skill level 15 in Stealth
  8858 | D:8      | Reached skill level 1 in Air Magic
  9184 | D:9      | Noticed a two-headed ogre
  9208 | D:9      | Killed a two-headed ogre
  9501 | D:9      | Noticed a two-headed ogre
  9507 | D:9      | Killed a two-headed ogre
  9513 | D:9      | Reached skill level 16 in Stealth
  9848 | D:10     | Entered Level 10 of the Dungeon
  9959 | D:10     | Reached XP level 12. HP: 35/66 MP: 19/22
 10065 | D:10     | Reached skill level 17 in Stealth
 10161 | D:10     | Found a staircase to the Lair.
 10162 | D:10     | Noticed a two-headed ogre
 10392 | D:10     | Reached *** piety under Dithmenos
 11086 | D:10     | Reached skill level 10 in Dodging
 11306 | D:10     | Killed a two-headed ogre
 11543 | D:11     | Noticed Josephine
 11547 | D:11     | Paralysed by a hornet for 3 turns
 12015 | D:11     | Killed Josephine
 12016 | D:11     | Reached skill level 18 in Stealth
 12246 | D:11     | Noticed Gastronok
 12252 | D:11     | Killed Gastronok
 12391 | D:11     | Noticed Nergalle
 12392 | D:11     | Noticed a two-headed ogre
 12555 | D:11     | Found Jaciez's Armour Shoppe.
 12574 | D:11     | Killed Nergalle
 12950 | D:11     | Noticed Fannar
 12954 | D:11     | Killed Fannar
 13212 | D:12     | Reached XP level 13. HP: 72/72 MP: 24/24
 13260 | D:12     | Reached skill level 19 in Stealth
 13532 | D:12     | Identified the +4 chain mail "Wisinoeg" {Will+ Str+4 SInv}
 13840 | D:13     | Noticed a centaur warrior
 13844 | D:13     | Killed a centaur warrior
 13870 | D:13     | Reached **** piety under Dithmenos
 13871 | D:13     | Reached skill level 20 in Stealth
 14137 | D:13     | Killed from afar by a manticore

Illustrated notes

Levels and vault maps discovered:
D:1:      lightli_arrival_maybe_door_vault, layout_rooms
D:2:      layout_loops_ring, basic_altar, minmay_heptomino_w4
D:3:      layout_loops_cross, kiku_gazebo_pond_becter, kennysheep_doodads
D:4:      layout_layer_cave, fedhas_altar_decomposition,
          nicolae_ossuary_entry_catacombs, uniq_eustachio
D:5:      layout_loops_ring, goddamned_bats
D:6:      layout_layer_cave, nicolae_overflow_crystal_walls,
          jmf_multi_god_temple2, temple_hall, st_stairs_8
D:7:      layout_basic
D:8:      nzn_winding_woodlands_medium [nzn_winding_woodlands_hourglass,
          nzn_winding_woodlands_5x15_pool, nzn_winding_woodlands_5x5_open_star,
          nzn_winding_woodlands_5x5_cross,
          nzn_winding_woodlands_center_triple_pond,
          nzn_winding_woodlands_5x5_three, nzn_winding_woodlands_5x5_default,
          nzn_winding_woodlands_5x15_cabin,
          nzn_winding_woodlands_5x5_perimeter], layout_basic, minivault_11
D:9:      layout_gridville, minmay_strange_pillars
D:10:     layout_stronghold, erik_lair_orcish_takeover
D:11:     layout_cave_pools, serial_shops, shop, minmay_misc_feat_plants,
          uniq_nergalle, uniq_fannar, uniq_josephine, uniq_gastronok
D:12:     layout_rooms, erik_orc_4
D:13:     layout_cave_pools, hangedman_vaults_entry_quadrant_bands
Temple:   minmay_temple_bridge_d

Skill      XL: |  1  2  3  4  5  6  7  8  9 10 11 12 13 |
---------------+----------------------------------------+-----
Stealth        | 3 4 6 7 8 10 12 14 16 18 20 | 20.1
Short Blades   | 1 2 3 4 5 6 7 8 |  8.1
Dodging        | 3 4 5 6 8 9 10 11 | 11.4
Spellcasting   | 3 4 6 7 8 |  8.2
Fighting       | 1 2 3 4 |  4.8
Summonings     | 5 6 7 8 |  8.2
Air Magic      | 1 2 |  2.6
Hexes          | |  0.6

Action                   |  1- 3 |  4- 6 |  7- 9 | 10-12 | 13-15 || total
-------------------------+-------+-------+-------+-------+-------++-------
Melee: Dagger            |    40 |    60 |   254 |   269 |    65 ||   688
       Short sword       |     2 |       |       |       |       ||     2
       Punch             |     1 |     1 |     5 |     5 |       ||    12
 Cast: Call Canine Famil |     3 |     5 |    14 |    25 |     3 ||    50
       Call Imp          |     1 |       |     7 |     2 |     1 ||    11
       Summon Small Mamm |       |     1 |       |       |     1 ||     2
       Summon Guardian G |       |       |     3 |     4 |       ||     7
       Summon Lightning  |       |       |     5 |    15 |     2 ||    22
  Use: Scroll            |       |     8 |     4 |     8 |     1 ||    21
       Potion            |       |       |     1 |     3 |       ||     4
 Stab: Sleeping          |    17 |    16 |    29 |    59 |    16 ||   137
       Distracted        |       |       |     5 |       |       ||     5
Armor: Robe              |     6 |     7 |    36 |    15 |     4 ||    68
Dodge: Dodged            |    15 |    31 |   145 |   189 |    40 ||   420

Table legend: (Time is in decaauts)
 A = Elapsed time spent in this place.
 B = Non-inter-level travel time spent in this place.
 C = Inter-level travel time spent in this place.
 D = Time resting spent in this place.
 E = Time spent auto-exploring this place.
 F = Levels seen in this place.
 G = Mean time per level.
                   A        B        C        D        E       F      G
               +--------+--------+--------+--------+--------+-----+--------+
         Total |  14012 |  13449 |    563 |   2838 |   8199 |  15 |  934.1 |
       Dungeon |  13638 |  13156 |    482 |   2794 |   8108 |  13 | 1049.1 |
        Temple |    176 |     95 |     81 |      0 |     87 |   1 |  176.0 |
       Ossuary |    197 |    197 |      0 |     44 |      4 |   1 |  197.0 |
               +--------+--------+--------+--------+--------+-----+--------+

Top non-repeatable levels by time:
    D:10: 2273 daAuts
     D:8: 1972 daAuts
     D:6: 1789 daAuts
     D:5: 1230 daAuts
    D:11: 1042 daAuts
     D:4: 942 daAuts
     D:9: 881 daAuts
     D:2: 818 daAuts
     D:3: 806 daAuts
     D:1: 658 daAuts
    D:12: 455 daAuts
     D:7: 404 daAuts
    D:13: 363 daAuts
 Ossuary: 197 daAuts
  Temple: 176 daAuts
